 Dungeon Crawl Stone Soup version 0.29.1-2-gbd0b4ee654 (webtiles) character file.

Game seed: 3944783743363506045

224 GorkyZ the Trooper (level 5, -5/40 HPs)
             Began as a Demonspawn Gladiator on Nov 19, 2022.
             Slain by a gnoll
             ... wielding a +0 halberd
             ... led by a gnoll bouda
              (6 damage)
             ... on level 4 of the Dungeon.
             The game lasted 00:08:04 (3322 turns).

GorkyZ the Trooper (Demonspawn Gladiator)           Turns: 3322, Time: 00:08:04

Health: -5/40      AC: 12    Str: 16    XL:     5   Next: 67%
Magic:  5/5        EV:  7    Int:  9    God:
Gold:   99         SH:  0    Dex: 15    Spells: 4/4 levels left

rFire   . . .      SeeInvis .   i - +3 mace
rCold   . . .      Faith    .   (no shield)
rNeg    . . .      Spirit   .   t - +3 chain mail
rPois   .          Reflect  .   c - +0 helmet
rElec   .          Harm     .   (no cloak)
rCorr   .          Rampage  .   (no gloves)
Will    .....                   (no boots)
Stlth   ..........              (no amulet)
HPRegen 0.13/turn               (no ring)
MPRegen 0.09/turn               (no ring)

@: lethally poisoned (-5 -> -25)
A: claws 1, foul stench 1
a: no special abilities


You were on level 4 of the Dungeon.
You visited 1 branch of the dungeon, and saw 4 of its levels.

You collected 99 gold pieces.

Inventory:

Hand Weapons
 a - a +0 war axe
 i - a +3 mace (weapon)
 u - a +0 dire flail
Missiles
 d - 5 throwing nets (quivered)
 e - a javelin
 f - 5 boomerangs
Armour
 b - a +0 leather armour
 c - a +0 helmet (worn)
 t - a +3 chain mail (worn)
Jewellery
 p - an amulet of magic regeneration
Scrolls
 h - 3 scrolls of identify {unknown}
 k - a scroll of magic mapping {unknown}
 l - a scroll of teleportation {unknown}
 n - 3 scrolls of immolation {unknown}
 o - 2 scrolls of vulnerability {unknown}
 s - a scroll of fog {unknown}
Potions
 g - 2 potions of haste {unknown}
 j - 3 potions of curing {unknown}
 m - a potion of flight {unknown}
 q - 2 potions of experience {unknown}
 r - 2 potions of lignification {unknown}
 v - a potion of heal wounds {unknown}


   Skills:
 + Level 2.9 Fighting
 - Level 2.8(3.0) Axes
 + Level 1.6(2.4) Maces & Flails
 + Level 2.6 Throwing
 + Level 1.8 Armour
 - Level 2.6 Dodging
 + Level 1.8 Shields
 + Level 2.0 Evocations


You had 4 spell levels left.
You didn't know any spells.
Your spell library contained the following spells:

 Spells                   Type           Power      Damage    Failure   Level
 Gell's Gravitas          Tloc           0%         N/A       100%        3
 Lesser Beckoning         Tloc           0%         N/A       100%        3
 Portal Projectile        Hex/Tloc       0%         N/A       100%        3
 Teleport Other           Tloc           0%         N/A       100%        3
 Tukima's Dance           Hex            0%         N/A       100%        3
 Blade Hands              Tmut           0%         N/A       100%        5


Dungeon Overview and Level Annotations

Branches:
Dungeon (4/15)
 Temple: D:4-7

Altars:
Qazlal

Shops:
D:1 [


Innate Abilities, Weirdness & Mutations

You have sharp fingernails.
You may rarely emit foul miasma when damaged in melee.


Message History

The gnoll is moderately wounded.
A gnoll comes into view. It is wielding a +0 halberd.
The gnoll hits you with a +0 flail.
The gnoll shouts!
You thump the gnoll!
The gnoll is severely wounded.
The gnoll hits you with a +0 flail.
You sock the gnoll!
You kill the gnoll!
Your Evocations skill increases to level 2!
A gnoll bouda and a gnoll come into view.
The gnoll bouda shouts!
The gnoll throws a throwing net.
The throwing net hits you.
You become entangled in the net!
A jelly comes into view.
Things that are here:
a throwing net; a +0 flail The gnoll bouda barks out a call to the hunt!
The gnolls pick up the pace!
You struggle against the net.
The gnoll hits you with a +0 whip of venom.
You are poisoned.
The gnoll hits you from afar with a +0 halberd!
You struggle against the net.
You feel sick.
The gnoll hits you with a +0 whip of venom.
The gnoll hits you from afar with a +0 halberd.
* * * LOW HITPOINT WARNING * * *
You struggle against the net.
You feel sick. The gnoll hits you but does no damage.
You are lethally poisoned!
The gnoll closely misses you.
You shred the net and break free!
* * * LOW HITPOINT WARNING * * *
You feel very sick.
The gnoll hits you with a +0 whip of venom.
* * * LOW HITPOINT WARNING * * *
You are more poisoned.
You emit a cloud of foul miasma!
The gnoll hits you from afar with a +0 halberd.
You die...

... .J. #g# #g#
#g# #g# . #g#
..## #@# .....
#.# .....#####.#
......#....###.#
...............#
......#.########
..... #.# ....
##.# .... #..#


You could see a gnoll bouda, a jelly and 4 gnolls.

Vanquished Creatures
  A phantom (D:3)
  An iguana (D:4)
  5 gnolls
  An adder (D:2)
  An ufetubus (D:3)
  A worm (D:2)
  A dart slug (D:1)
  2 endoplasms
  5 goblins
  7 hobgoblins
  2 jackals (D:1)
  4 kobolds (D:1)
  3 quokkas
  5 ball pythons
  8 bats
  3 frilled lizards
  4 rats
54 creatures vanquished.

Notes
Turn   | Place    | Note
-------+----------+-------------------------------------------
     0 | D:1      | GorkyZ the Demonspawn Gladiator began the quest for the
                  | Orb.
     0 | D:1      | Reached XP level 1. HP: 16/16 MP: 1/1
   262 | D:1      | Gained mutation: You have sharp fingernails. [demonic
                  | ancestry]
   262 | D:1      | Reached XP level 2. HP: 18/22 MP: 2/2
   322 | D:1      | Found Cywki's Antique Armour Shop.
   436 | D:1      | Found a faded altar of an unknown god.
  1472 | D:2      | Found a stormy altar of Qazlal.
  1544 | D:2      | Gained mutation: You may rarely emit foul miasma when
                  | damaged in melee. [demonic ancestry]
  1544 | D:2      | Reached XP level 3. HP: 17/27 MP: 3/3
  1719 | D:2      | Reached skill level 1 in Shields
  1854 | D:2      | Reached skill level 1 in Evocations
  1870 | D:2      | Reached skill level 1 in Armour
  2270 | D:3      | Noticed a phantom
  2289 | D:3      | Killed a phantom
  2290 | D:3      | Reached skill level 1 in Maces & Flails
  2290 | D:3      | Reached XP level 4. HP: 8/34 MP: 4/4
  2615 | D:3      | Reached XP level 5. HP: 30/39 MP: 5/5
  3322 | D:4      | HP: 1/40 [gnoll/+0 whip of venom[a gnoll bouda] (4)]
  3322 | D:4      | Slain by a gnoll

Illustrated notes

Levels and vault maps discovered:
D:1:      minmay_arrival_shattered_statue, layout_loops_corners, serial_shops,
          nicolae_shop_statue_plus, hellmonk_ecumenical_altar_arch_garden
D:2:      layout_loops_ring, basic_altar
D:3:      layout_basic
D:4:      layout_loops_ring, serial_shops, nicolae_shop_advertising_works
          [nicolae_subvault_shop_adworks]

Skill      XL: |  1  2  3  4  5 |
---------------+----------------+-----
Throwing       | 2 |  2.6
Shields        | 1 |  1.8
Evocations     | 1 2 |  2.0
Armour         | 1 |  1.8
Maces & Flails | 1 |  1.6
Fighting       | |  2.9
Axes           | |  2.8
Dodging        | |  2.6

Action                   |  1- 3 |  4- 6 || total
-------------------------+-------+-------++-------
Melee: War axe           |    26 |       ||    26
       Mace              |    63 |    48 ||   111
 Stab: Sleeping          |     2 |       ||     2
Armor: Leather armour    |    25 |     6 ||    31
       Chain mail        |       |    15 ||    15
Dodge: Dodged            |    59 |    23 ||    82
